 Dungeon Crawl Stone Soup version 0.22.1-1-ga44c0e5 (webtiles) character file.

23 Starchild the Charmwright (level 2, 0/23 HPs)
             Began as a Barachi Skald on Oct 17, 2018.
             Slain by a gnoll
             ... wielding a +0 halberd
              (5 damage)
             ... on level 2 of the Dungeon.
             The game lasted 00:03:26 (996 turns).

Starchild the Charmwright (Barachi Skald)            Turns: 996, Time: 00:03:28

Health: 0/23       AC:  3    Str: 12    XL:     2   Next: 95%
Magic:  2/5        EV: 12    Int: 13    God:
Gold:   27         SH:  0    Dex: 11    Spells: 0/5 levels left

rFire    . . .     SeeInvis .   a - +0 falchion
rCold    . . .     Gourm    .   (no shield)
rNeg     . . .     Faith    .   b - +0 leather armour
rPois    .         Spirit   .   (no helmet)
rElec    .         Reflect  .   (no cloak)
rCorr    .         Harm     .   (no gloves)
MR       .....                  (no boots)
Stlth    +.........             (no amulet)
HPRegen  0.07/turn              (no ring)
MPRegen  0.09/turn              (no ring)

@: singing, very slightly contaminated, slow
A: +LOS, swims, slowness 1, strong legs 1
a: Hop


You were on level 2 of the Dungeon.
You were hungry.

You visited 1 branch of the dungeon, and saw 2 of its levels.

You collected 27 gold pieces.

Inventory:

Hand Weapons
 a - a +0 falchion (weapon)
Missiles
 c - 82 stones
 i - 4 javelins (quivered)
Armour
 b - a +0 leather armour (worn)
Scrolls
 e - a scroll of enchant armour {unknown}
 g - 2 scrolls of teleportation {unknown}
 h - a scroll of magic mapping {unknown}
 l - a scroll of fear {unknown}
Potions
 f - a potion of resistance {unknown}
 j - a potion of flight {unknown}
 k - a potion of curing {unknown}
Comestibles
 d - 2 rations


   Skills:
 - Level 2.4 Fighting
 + Level 3.4 Long Blades
 - Level 1.2 Armour
 - Level 2.1 Dodging
 - Level 2.1 Spellcasting
 * Level 3.9 Charms


You couldn't memorise any spells.
You knew the following spells:

 Your Spells              Type           Power        Failure   Level  Hunger
a - Infusion              Chrm           ##..         6%          1    ##.....
b - Song of Slaying       Chrm           ##......     10%         2    ###....
c - Shroud of Golubria    Chrm/Tloc      #.........   22%         2    ###....

Your spell library contained the following spells:

 Spells                   Type           Power        Failure   Level  Hunger
 Regeneration             Chrm/Necr      #.........   41%         3    ####...
 Spectral Weapon          Hex/Chrm       #.......     41%         3    ####...


Dungeon Overview and Level Annotations

Branches:
Dungeon (2/15)

Altars:
Ashenzari


Innate Abilities, Weirdness & Mutations

Shadows flee at your approach. (+LOS)
You can swim through water.
You cover ground slowly.
You can hop short distances.


Message History

A gnoll comes into view. It is wielding a halberd.
The gnoll shouts! x2; You hear a shout!
Casting: Infusion (safe; 6% risk of failure)
Confirm with . or Enter, or press ? or * to list all spells.
You miscast Infusion.
You are very lightly contaminated with residual magic.
Multicoloured lights dance before your eyes!
Casting: Infusion (safe; 6% risk of failure)
Confirm with . or Enter, or press ? or * to list all spells.
You start singing a song of slaying.
You hear a shout!
The gnoll hits you with a halberd!
A gnoll comes into view. It is wielding a flail.
You hit the gnoll.
The gnoll is heavily wounded.
You hear an angry hiss.
The gnoll hits you from afar with a halberd!
* * * LOW HITPOINT WARNING * * *
The gnoll hits you with a halberd.
You die...

. #. ..## ##
.#. . ..#.
... #.#
##.#########
#...@gg(.g.#
#..#######.#
#..# #..#
....######..#
........<(..#
....#####...#
##..# #..#


You could see 3 gnolls.

Vanquished Creatures
  An ooze (D:1)
  A leopard gecko (D:1)
  2 giant cockroaches (D:1)
  3 goblins (D:1)
  4 hobgoblins (D:1)
  A frilled lizard (D:1)
  5 rats (D:1)
17 creatures vanquished.

Notes
Turn   | Place    | Note
-------+----------+-------------------------------------------
     0 | D:1      | Starchild the Barachi Skald began the quest for the Orb.
     0 | D:1      | Reached XP level 1. HP: 17/17 MP: 3/3
    85 | D:1      | Reached XP level 2. HP: 2/23 MP: 0/5
    89 | D:1      | Learned a level 2 spell: Song of Slaying
   504 | D:1      | Found a shattered altar of Ashenzari.
   745 | D:1      | Learned a level 2 spell: Shroud of Golubria
   996 | D:2      | Slain by a gnoll

Skill      XL: |  1 |
---------------+----+-----
Long Blades    | 3 |  3.4
Fighting       | |  2.4
Armour         | |  1.2
Dodging        | |  2.1
Spellcasting   | |  2.1
Charms         | |  3.9

Action                   || total
-------------------------++-------
Melee: Falchion          ||    49
 Cast: Infusion          ||     5
       Song of Slaying   ||     2
Armor: Leather armour    ||     8
Dodge: Dodged            ||    22
       Rpst.: Falchion   ||     5
